 Seeded DCSS version 0.29.1-12-g30fa7ad0bf (webtiles) character file.

Game seed: 1 (custom seed)

488444 Kazon the Spry (level 23, -1/279 HPs)
             Began as a Vampire Gladiator on Jan 9, 2023.
             Was the Champion of Okawaru.
             Slain by a sphinx (11 damage)
             ... on level 4 of the Vaults on Jan 11, 2023.
             The game lasted 07:19:35 (48889 turns).

Kazon the Spry (Vampire Gladiator)                 Turns: 48889, Time: 07:19:36

Health: -1/279     AC: 34    Str: 22    XL:     23   Next: 83%
Magic:  0/25       EV: 23    Int: 22    God:    Okawaru [******]
Gold:   2348       SH: 16    Dex: 18    Spells: 22/22 levels left

rFire   + + .      SeeInvis +   f - +10 Maxwell's thermic engine {flame, freeze}
rCold   + + +      Faith    .   c - +1 kite shield {reflect}
rNeg    + + +      Spirit   +   A - +7 fire dragon scales "Gysobbeu" {-Tele rF++ rC- rN+++ rCorr Dex-3}
rPois   +          Reflect  +   x - +1 helmet of Qimaq {Contam +Inv Regen+ Int+8}
rElec   +          Harm     .   O - +2 cloak "Affoeplesh" {rC+ Stlth+}
rCorr   +          Rampage  .   t - +1 pair of gloves of the Vaults {rElec rC+ rCorr MP-9}
Will    ++++.      NoTele   +   L - +2 pair of boots {Fly}
Stlth   ..........              v - amulet of Haunaz {Spirit Will+ Str+4}
HPRegen 1.56/turn               F - ring "Azxilac" {+Blink rPois rC+ Int-3 Dex+6}
MPRegen 0.19/turn               N - ring "Xacius" {rPois rC+ Will+ Stlth-}

@: berserking (expiring), heroic, flying, healing quickly, hasted and slowed,
glowing
A: alive, fangs 3, see invisible, vampiric 2, iridescent scales 1, clever 1,
weak 1
}: 2/15 runes: barnacled, gossamer
a: Exsanguinate, Renounce Religion, Evoke Blink, Evoke Invisibility, Heroism,
Finesse, Duel


You were on level 4 of the Vaults.
You worshipped Okawaru.
Okawaru was exalted by your worship.
You visited 10 branches of the dungeon, and saw 46 of its levels.
You visited 1 bazaar.
You also visited: Gauntlet and Desolation.

You collected 8026 gold pieces.
You spent 5678 gold pieces at shops.

Inventory:

Hand Weapons
 e - the +7 captain's cutlass {speed, disarm}
   (You found it in the Desolation of Salt)

   Attacks with this weapon are significantly faster.
   It may disarm weapon-wielding foes when striking them, dealing extra damage
   in the process.
 f - the +10 Maxwell's thermic engine (weapon) {flame, freeze}
   (You found it on level 1 of the Lair of Beasts)

   It burns those it strikes, dealing additional fire damage.
   Big, fiery blades are also staple armaments of hydra-hunters.
   It freezes those it strikes, dealing additional cold damage.
   It can also slow down cold-blooded creatures.
   It becomes more effective when it hits something.
   This effect fades over time.
Missiles
 d - 6 throwing nets
 h - 7 datura-tipped darts (quivered)
 i - 10 silver javelins
 q - 56 boomerangs
 y - 28 javelins
 B - 8 curare-tipped darts
 W - 4 atropa-tipped darts
Armour
 c - a +1 kite shield of reflection (worn)
 t - the +1 pair of gloves of the Vaults (worn) {rElec rC+ rCorr MP-9}
   (You acquired it on level 1 of the Dungeon)

   rC:        It protects you from cold.
   rElec:     It insulates you from electricity.
   MP:        It affects your magic capacity (-9).
   rCorr:     It protects you from acid and corrosion.
 x - the +1 helmet of Qimaq (worn) {Contam +Inv Regen+ Int+8}
   (Okawaru gifted it to you on level 3 of the Elven Halls)

   Int:       It affects your intelligence (+8).
   +Inv:      It lets you turn invisible.
   Contam:    It causes magical contamination when unequipped.
   Regen:     It increases your rate of health regeneration.
 A - the +7 fire dragon scales "Gysobbeu" (worn) {-Tele rF++ rC- rN+++ rCorr Dex-3}
   (You bought it in a shop on level 2 of the Vaults)

   Dex:       It affects your dexterity (-3).
   rF:        It greatly protects you from fire.
   rC:        It makes you vulnerable to cold.
   rN:        It renders you almost immune to negative energy.
   -Tele:     It prevents most forms of teleportation.
   rCorr:     It protects you from acid and corrosion.
 L - a +2 pair of boots of flying (worn)
 O - the +2 cloak "Affoeplesh" (worn) {rC+ Stlth+}
   (Okawaru gifted it to you on level 3 of the Lair of Beasts)

   rC:        It protects you from cold.
   Stlth:     It makes you more stealthy.
Jewellery
 n - a +6 ring of dexterity
 v - the amulet of Haunaz (around neck) {Spirit Will+ Str+4}
   (You bought it in a shop on level 2 of the Orcish Mines)

   [amulet of guardian spirit]

   It causes incoming damage to be divided between your reserves of health and
   magic.
   Str:       It affects your strength (+4).
   Will:      It increases your willpower.
 F - the ring "Azxilac" (left hand) {+Blink rPois rC+ Int-3 Dex+6}
   (You found it in a Gauntlet)

   [ring of dexterity]

   Int:       It affects your intelligence (-3).
   Dex:       It affects your dexterity (+6).
   rC:        It protects you from cold.
   rPois:     It protects you from poison.
   +Blink:    It lets you blink.
 N - the ring "Xacius" (right hand) {rPois rC+ Will+ Stlth-}
   (You found it in the Desolation of Salt)

   [ring of protection from cold]

   rC:        It protects you from cold.
   rPois:     It protects you from poison.
   Will:      It increases your willpower.
   Stlth:     It makes you less stealthy.
 S - the ring of Charity {rN+ rCorr Str+4}
   (You found it on level 3 of the Crypt)

   [ring of positive energy]

   Str:       It affects your strength (+4).
   rN:        It protects you from negative energy.
   rCorr:     It protects you from acid and corrosion.
 X - the amulet "Odemouw" {Contam rPois rF+++ Regen+ Stlth+}
   (You bought it in a shop on level 8 of the Dungeon)

   [amulet of regeneration]

   rF:        It renders you almost immune to fire.
   rPois:     It protects you from poison.
   Contam:    It causes magical contamination when unequipped.
   Regen:     It increases your rate of health regeneration.
   Stlth:     It makes you more stealthy.
Wands
 j - a wand of acid (10)
 k - a wand of digging (5)
 z - a wand of mindburst (37)
 J - a wand of paralysis (20)
 K - a wand of roots (31)
 T - a wand of polymorph (22)
Scrolls
 m - 2 scrolls of enchant weapon
 o - 4 scrolls of immolation
 p - 2 scrolls of poison
 r - 10 scrolls of fog
 u - 3 scrolls of magic mapping
 E - a scroll of teleportation
 G - 4 scrolls of fear
 Y - 4 scrolls of silence
Potions
 a - 5 potions of ambrosia
 b - 6 potions of heal wounds
 g - 10 potions of haste
 l - 3 potions of mutation
 w - 15 potions of lignification
 C - 6 potions of cancellation
 D - 2 potions of resistance
 H - 13 potions of curing
 I - 6 potions of might
 R - 2 potions of invisibility
 Z - 4 potions of berserk rage
Miscellaneous
 M - a condenser vane
 P - a tin of tremorstones (2/2)
 Q - a lightning rod (4/4)
 V - a phial of floods


   Skills:
 + Level 16.7(21.7) Fighting
 + Level 10.3(21.1) Short Blades
 + Level 18.1(23.9) Long Blades
 + Level 10.5(15.5) Throwing
 * Level 9.3(14.3) Armour
 + Level 19.1(24.1) Dodging
 + Level 18.9(23.9) Stealth
 + Level 12.1(17.1) Shields
 * Level 15.9 Invocations
 + Level 18.6 Evocations


You had 22 spell levels left.
You didn't know any spells.
Your spell library contained the following spells:

 Spells                   Type           Power      Damage    Failure   Level
 Apportation              Tloc           0%         N/A       52%         1
 Beastly Appendage        Tmut           0%         N/A       52%         1
 Magic Dart               Conj           0%         1d3       52%         1
 Necrotise                Necr           0%         1d4       52%         1
 Sandblast                Erth           0%         2d4       52%         1
 Shock                    Conj/Air       0%         1d3       52%         1
 Slow                     Hex            0%         N/A       52%         1
 Sting                    Tmut/Pois      0%         1d3       52%         1
 Ensorcelled Hibernation  Hex/Ice        0%         N/A       67%         2
 Passwall                 Tmut/Erth      0%         N/A       67%         2
 Poisonous Vapours        Pois/Air       0%         N/A       67%         2
 Scorch                   Fire           0%         2d5       67%         2
 Searing Ray              Conj           0%         2d4       67%         2
 Static Discharge         Conj/Air       0%         3-3/arc   67%         2
 Confusing Touch          Hex            0%         N/A       88%         3
 Dazzling Flash           Conj/Hex       0%         N/A       88%         3
 Gell's Gravitas          Tloc           0%         N/A       88%         3
 Mephitic Cloud           Conj/Pois/Air  0%         N/A       88%         3
 Ozocubu's Armour         Ice            0%         N/A       88%         3
 Swiftness                Air            0%         N/A       88%         3
 Teleport Other           Tloc           0%         N/A       88%         3
 Vampiric Draining        Necr           0%         2d6       88%         3
 Airstrike                Air            0%         2d(0-16)  99%         4
 Cause Fear               Hex            0%         N/A       99%         4
 Corpse Rot               Necr/Pois/Air  0%         N/A       99%         4
 Dispel Undead            Necr           0%         3d6       99%         4
 Flame Wave               Conj/Fire      0%         2d4       99%         4
 Hailstorm                Conj/Ice       0%         3d3       99%         4
 Ice Form                 Ice/Tmut       0%         N/A       99%         4
 Iskenderun's Mystic Bla  Conj/Tloc      0%         2d3       99%         4
 Leda's Liquefaction      Hex/Erth       0%         N/A       99%         4
 Olgreb's Toxic Radiance  Pois           0%         N/A       99%         4
 Passage of Golubria      Tloc           0%         N/A       99%         4
 Sticky Flame             Conj/Fire      0%         2d3       99%         4
 Agony                    Necr           0%         N/A       100%        5
 Alistair's Intoxication  Tmut/Pois      0%         N/A       100%        5
 Blade Hands              Tmut           0%         N/A       100%        5
 Borgnjor's Vile Clutch   Necr/Erth      0%         N/A       100%        5
 Fireball                 Conj/Fire      0%         3d3       100%        5
 Irradiate                Conj/Tmut      0%         3d11      100%        5
 Iskenderun's Battlesphe  Conj           0%         2d6       100%        5
 Lee's Rapid Deconstruct  Erth           0%         3d5*      100%        5
 Lightning Bolt           Conj/Air       0%         1d11      100%        5
 Metabolic Englaciation   Hex/Ice        0%         N/A       100%        5
 Silence                  Hex/Air        0%         N/A       100%        5
 Yara's Violent Unravell  Hex/Tmut       0%         3d3       100%        5
 Conjure Ball Lightning   Conj/Air       0%         3x3d6     100%        6
 Dispersal                Tloc           0%         N/A       100%        6
 Eringya's Noxious Bog    Tmut/Pois      0%         N/A       100%        6
 Iron Shot                Conj/Erth      0%         9d1       100%        6
 Starburst                Conj/Fire      0%         6d3       100%        6
 Statue Form              Tmut/Erth      0%         N/A       100%        6
 Dragon Form              Tmut           0%         N/A       100%        7
 Enfeeble                 Hex            0%         N/A       100%        7
 Orb of Destruction       Conj           0%         9d5       100%        7
 Ozocubu's Refrigeration  Ice            0%         4d7       100%        7
 Discord                  Hex            0%         N/A       100%        8
 Disjunction              Tloc           0%         N/A       100%        8
 Ignition                 Fire           0%         3d3       100%        8
 Lehudib's Crystal Spear  Conj/Erth      0%         10d2      100%        8
 Summon Small Mammal      Summ           Unusable   N/A       N/A         1
 Call Imp                 Summ           Unusable   N/A       N/A         2
 Animate Armour           Summ/Erth      Unusable   N/A       N/A         4
 Animate Dead             Necr           Unusable   N/A       N/A         4
 Summon Lightning Spire   Summ/Air       Unusable   N/A       N/A         4
 Summon Forest            Summ/Tloc      Unusable   N/A       N/A         5
 Death Channel            Necr           Unusable   N/A       N/A         6
 Simulacrum               Ice/Necr       Unusable   N/A       N/A         6
 Summon Cactus Giant      Summ           Unusable   N/A       N/A         6
 Summon Hydra             Summ           Unusable   N/A       N/A         7
 Dragon's Call            Summ           Unusable   N/A       N/A         9

Dungeon Overview and Level Annotations

Branches:
Dungeon (15/15)            Temple (1/1) D:7            Lair (5/5) D:10
 Shoals (4/4) Lair:3       Spider (4/4) Lair:3        Slime (0/5) Lair:4
    Orc (2/2) D:12            Elf (3/3) Orc:2        Vaults (5/5) D:13
  Crypt (3/3) Vaults:3       Tomb (0/3) Crypt:3      Depths (4/4) D:15
    Zot (0/5) Depths:4    Desolation (visited)      Gauntlet (visited)

Altars:
Ashenzari
Dithmenos
Gozag
Hepliaklqana
Kikubaaqudgha
Makhleb
Nemelex Xobeh
Okawaru
Uskayaw
Xom
Jiyva

Shops:
D:3 (   D:8 ?(==   D:10 :   D:13 !   Orc:2 ([*=   Elf:2 [?!?   Elf:3 [(
Vaults:1 !   Vaults:2 [   Vaults:3 (((   Vaults:4 *   Depths:2 (

Portals:
Hell: Depths:1 Depths:2
Pandemonium: Depths:2
Ziggurat: Depths:1

Annotations:
Shoals:4 1 runed translucent door, BillyBaka's ghost, adept MiFi
Elf:2 2 transporters, fantasyman's ghost, adept FoFi
Vaults:2 2 runed translucent doors, 2 transporters, exclusion: obsidian statue, Forgeling's ghost, adept FeEn
Vaults:4 Mennas
Crypt:1 2 transporters, exclusions: obsidian statue and orange crystal statue, Nyubb's ghost, veteran MiGl


Innate Abilities, Weirdness & Mutations

Your natural rate of healing is accelerated.
You have razor-sharp teeth.
You have supernaturally acute eyesight. (SInv)
You are afflicted with vampirism and can become a bat while bloodless.
You are partially covered in iridescent scales. (AC +2)
Your mind is acute. (Int +4, Str/Dex -1)
You are weak. (Str -2)


Message History

The bolt of negative energy hits the dread lich.
The dread lich completely resists.
The tentacled monstrosity tentacle-slaps you but does no damage. x2
You block the tentacled monstrosity's attack. x2
Mennas hits you but does no damage. Mennas completely misses you.
The Tzitzimitl closely misses you. The Tzitzimitl misses you.
The storm dragon bites the tentacled monstrosity!!
The storm dragon claws the tentacled monstrosity!
The storm dragon tramples the tentacled monstrosity.
The tentacled monstrosity holds its ground!
The bunyip changes into an anaconda!
Mennas becomes audible again.
You block Mennas's attack. x2
The orc knight hits you from afar with a +0 bardiche!
* * * LOW HITPOINT WARNING * * *
The dread lich touches you but does no damage. x2
The tentacled monstrosity closely misses the storm dragon.
The tentacled monstrosity tentacle-slaps the storm dragon.
The tentacled monstrosity closely misses the storm dragon.
The tentacled monstrosity grabs the storm dragon.
The tentacled monstrosity constricts the storm dragon!
The storm dragon bites the freezing wraith.
The storm dragon claws the freezing wraith but does no damage.
The storm dragon tramples the freezing wraith.
The freezing wraith holds its ground!
The sphinx hits you.
* * * LOW HITPOINT WARNING * * *
The sphinx hits you but does no damage. x2; The Tzitzimitl engulfs you.
* * * LOW HITPOINT WARNING * * *
The Tzitzimitl drains your vigour!
You feel as though you will be slow longer.
You block the Tzitzimitl's attack.
You fly upwards.
The Tzitzimitl disappears in a puff of smoke!
You feel a strong urge to attack something.
There is a stone staircase leading down, spattered with blood here.
You closely miss Mennas. You bite Mennas!
Mennas is moderately wounded.
You block Mennas's attack. Mennas hits you but does no damage.
The dread lich touches you but does no damage. x2
The sphinx hits you!
You die...

#......................#
.......................#
.......................#
#######................#
......#....#########...#
......#....#.......#...#
.#.#..#....#.......#...#
..§...#....#...H(..#...#
.#.#..#....#...L@).#...#
..[...#....#...L[A.#...#
......#....#......[#...#
#####'#....#.....[[#...#
...........#.....[[#...#
...........####'####...#
#########..............#
#.......#..............#
#.......#..............#


You could see Mennas, 2 dread liches and a sphinx.

Vanquished Creatures
  2 dread liches
  Mara (Spider:3)
  Frederick (Vaults:4)
  Saint Roka (Vaults:4)
  Bai Suzhen (Crypt:2)
  Xtahua (Vaults:4)
  Nikola (Elf:2)
  A tentacled monstrosity (Vaults:5)
  2 liches (Crypt:3)
  2 deep elf blademasters (Elf:3)
  Asterion (Elf:3)
  A titan (Depths:2)
  Rupert (D:12)
  2 deep elf master archers (Elf:3)
  5 sphinxes
  5 ancient champions
  Donald (Orc:2)
  Roxanne (D:15)
  2 storm dragons (Depths:4)
  Agnes (Elf:1)
  3 fire giants
  2 revenants (Crypt:2)
  A frost giant (Depths:2)
  6 emperor scorpions
  10 vault wardens
  A draconian knight (Depths:4)
  4 ghost moths
  3 deep elf sorcerers (Elf:3)
  Louise (Elf:3)
  3 orc warlords
  2 spectral caustic shrikes (Depths:2)
  2 imperial myrmidons (Desolation)
  A cacodemon (Gauntlet)
  5 curse skulls
  A deep elf elementalist (Elf:3)
  2 caustic shrike zombies (Crypt:3)
  10 ghouls
  3 spriggan defenders (Depths:1)
  12 ironbound preservers
  2 angels (Vaults:3)
  24 very ugly things
  3 broodmothers
  6 reapers
  5 deep elf demonologists
  A green draconian (Depths:4)
  6 stone giants
  4 ironbound thunderhulks
  Nessos (D:12)
  A black draconian (Depths:4)
  4 vampire knights
  The ghost of Afruuf the Cleaver, a journeyman PaFi of Ashenzari (D:14)
  2 yellow draconians (Depths:4)
  4 spark wasps
  Snorg (D:14)
  A minotaur (Gauntlet)
  2 halazid warlocks (Desolation)
  16 dire elephants
  Azrael (D:13)
  3 deep elf annihilators (Elf:3)
  13 eidola
  4 entropy weavers
  A bunyip (Vaults:3)
  8 deep elf death magi
  6 merfolk impalers
  A mummy priest (Crypt:3)
  2 crystal guardians (Desolation)
  A quicksilver dragon zombie (Crypt:3)
  7 yaktaur captains
  3 ettins
  6 ragged hierophants (Desolation)
  7 merfolk javelineers (Shoals:4)
  3 spriggan zombies
  2 deep elf high priests (Elf:3)
  The ghost of BiteMe the Thaumaturge, a journeyman DgFE (Orc:2)
  3 fire dragons
  7 ice dragons
  7 great orbs of eyes
  6 boulder beetles
  11 jiangshi
  Fannar (Lair:2)
  4 hydras
  A rakshasa (Depths:2)
  A hell beast (Gauntlet)
  5 peacekeepers (Desolation)
  Erolcha (D:10)
  4 catoblepae
  25 vault guards
  3 merfolk avatars
  A spriggan skeleton (Depths:2)
  A spriggan air mage (Depths:2)
  An alligator snapping turtle (Shoals:4)
  10 centaur warriors
  6 ironbound frosthearts
  A jorogumo (Spider:4)
  7 servants of whispers (Desolation)
  A death knight (D:14)
  5 deep troll shamans
  3 two-headed ogres
  29 dancing weapons
  4 merfolk aquamancers
  4 satyrs
  A spectral fire giant (Depths:2)
  8 death scarabs (Spider:4)
  5 tengu warriors
  10 death yaks
  A titan zombie (Crypt:3)
  5 vampire magi
  3 deep troll earth magi (Depths:1)
  3 orc high priests (Orc:2)
  Urug (Orc:1)
  2 spectral emperor scorpions (Spider:4)
  15 deep elf knights
  A titan skeleton (Crypt:2)
  7 soul eaters
  13 pharaoh ants
  A shadow wraith (Crypt:2)
  16 skeletal warriors
  A fire crab (D:13)
  A golden dragon zombie (Depths:2)
  A ghost moth zombie (Crypt:1)
  A sun moth (Spider:1)
  Lodul (D:12)
  A bunyip zombie (Crypt:3)
  A death drake (shapeshifter) (Vaults:2)
  12 sea snakes
  8 steelbarb worms
  5 iron trolls
  38 deep trolls
  2 glowing orange brains
  An anaconda zombie (Crypt:3)
  4 spriggan simulacra
  6 orb spiders
  2 bog bodies (Crypt:2)
  4 wizards
  11 necromancers
  31 harpies
  A bunyip skeleton (Crypt:3)
  10 phantasmal warriors
  15 ironbound convokers
  25 deep elf zephyrmancers
  7 spectral wolf spiders
  4 lindwurms
  9 deep elf archers
  5 orc knights
  4 flayed ghosts
  7 wolf spider zombies
  6 orc sorcerers
  An iron dragon zombie (Crypt:1)
  A broodmother zombie (Spider:4)
  24 wolf spiders
  3 shadow dragon skeletons (Crypt:3)
  A tengu zombie (Depths:2)
  7 cyclopes
  12 fauns
  30 deep elf pyromancers
  45 ugly things
  19 manticores
  A centaur zombie (Crypt:3)
  5 elephants (Lair:4)
  10 merfolk sirens
  19 vault sentinels
  3 moths of wrath
  A naga zombie (Crypt:3)
  5 black mambas
  A dire elephant zombie (Crypt:3)
  6 water nymphs
  3 guardian serpents (Desolation)
  11 cane toads
  8 torpor snails
  Maggie (D:6)
  A centaur skeleton (Crypt:3)
  2 naga skeletons (Crypt:3)
  4 rime drakes
  2 unseen horrors
  A red draconian zombie (Crypt:1)
  3 spectral redbacks (Spider:4)
  A black draconian zombie (Crypt:1)
  An elephant slug zombie (Crypt:2)
  4 kobold demonologists (D:11)
  15 komodo dragons
  2 dire elephant skeletons (Crypt:3)
  14 demonic crawlers
  A guardian mummy (Crypt:3)
  9 freezing wraiths
  A spectral human (Depths:2)
  2 tengu conjurers
  3 efreet
  5 trolls
  4 redback zombies
  29 yaktaurs
  A queen bee (shapeshifter) (Elf:1)
  2 harpy zombies (Crypt:3)
  2 iron troll skeletons (Crypt:2)
  13 hellwings (Crypt:3)
  24 merfolk
  Prince Ribbit (D:9)
  9 meliai (Spider:4)
  A queen bee (Spider:4)
  17 blink frogs
  24 tarantellas
  A black draconian skeleton (Crypt:1)
  A spectral culicivora (Spider:4)
  2 spectral jumping spiders (Spider:4)
  8 wind drakes
  A polar bear (Lair:4)
  2 harpy skeletons (Crypt:3)
  2 tarantella zombies (Spider:4)
  2 wolf spider simulacra (Spider:1)
  2 jumping spider zombies (Spider:4)
  A hydra skeleton (Crypt:2)
  A hornet (Vaults:1)
  54 saltlings (Desolation)
  11 dream sheep
  43 slime creatures
  A spectral floating eye (Depths:2)
  A fire giant simulacrum (Depths:2)
  A culicivora zombie (Spider:4)
  11 snapping turtles
  2 shadows
  11 flying skulls (Crypt:1)
  37 jumping spiders
  2 vampires
  A jumping spider (shapeshifter) (D:13)
  2 air elementals (Elf:3)
  7 wraiths
  63 yaks
  32 culicivoras
  3 fire elementals
  5 wyverns
  A human (shapeshifter) (Elf:1)
  6 basilisks
  22 water elementals
  Eustachio (D:5)
  3 neqoxecs (Gauntlet)
  52 redbacks
  A slime creature zombie (Crypt:2)
  2 steam dragons
  6 vampire mosquitoes
  3 minotaur simulacra (D:14)
  Menkaure (D:5)
  Edmund (D:6)
  2 wargs (Orc:1)
  A demonspawn zombie (Crypt:1)
  2 acid dragons
  A deep troll skeleton (Crypt:3)
  16 water moccasins
  2 floating eyes
  4 hell hounds
  A faun skeleton (Crypt:1)
  38 orc warriors
  2 ice beasts
  5 sky beasts
  2 black bears (D:6)
  3 boggarts (Vaults:2)
  5 centaurs
  11 ogres
  A tengu (shapeshifter) (D:15)
  A wolf (D:10)
  A dream sheep skeleton (Crypt:1)
  A rime drake zombie (Crypt:2)
  2 phantoms (D:6)
  3 kobold brigands
  2 earth elementals
  7 necrophages
  A draconian skeleton (Crypt:2)
  5 bullfrogs
  2 deep troll simulacra (D:14)
  A glowing shapeshifter simulacrum (Depths:2)
  A gnoll sergeant (D:7)
  10 scorpions
  7 wyvern skeletons (Crypt:3)
  21 wights
  19 killer bees
  3 electric eels
  A howler monkey (D:5)
  2 jellies (D:6)
  6 hounds
  24 orc priests
  2 gnoll boudas
  6 iguanas
  27 orc wizards
  4 hell rats (Lair:3)
  A mummy (Crypt:3)
  Robin (D:3)
  18 gnolls
  13 adders
  3 shadow imps
  2 white imps (D:7)
  An ufetubus (D:5)
  A worm zombie (Crypt:2)
  4 worms
  96 orcs
  11 endoplasms
  3 giant cockroaches
  16 goblins
  9 hobgoblins
  A jackal (D:4)
  27 kobolds
  2 quokkas
  5 ball pythons
  4 bats
  A butterfly zombie (Crypt:2)
  3 frilled lizards
  6 rats
  A withered plant (Crypt:3)
2034 creatures vanquished.

Vanquished Creatures (collateral kills)
  A tentacled monstrosity (Vaults:5)
  A titan (Vaults:5)
  An orc warlord (Orc:2)
  A war gargoyle (Vaults:5)
  A deep elf death mage (Depths:2)
  An ice dragon (Depths:1)
  A yaktaur captain (Vaults:1)
  A vault guard (Vaults:5)
  A deep troll earth mage (Depths:1)
  2 vampire magi (Depths:2)
  An iron troll (Depths:1)
  3 deep trolls
  2 orc knights (Vaults:1)
  A swamp worm (shapeshifter) (Vaults:5)
  An orc warrior (Orc:2)
  7 orc priests (Orc:2)
  4 orc wizards (Orc:2)
  5 orcs (Orc:2)
35 creatures vanquished.

Vanquished Creatures (others)
  A deep elf annihilator (Elf:3)
  A deep elf death mage (Depths:2)
  A yaktaur captain (Vaults:1)
  A tengu warrior (Depths:1)
  A dancing weapon (Elf:2)
  3 deep elf knights
  A deep troll (Depths:1)
  A wizard (Vaults:3)
  A necromancer (Depths:2)
  A deep elf zephyrmancer (Elf:2)
  A harpy (Shoals:4)
  A torpor snail (shapeshifter) (D:14)
  A tarantella (Spider:1)
  2 centaur simulacra (D:14)
  An air elemental (Elf:2)
  A bullfrog (shapeshifter) (D:14)
  24 fungi
  65 plants
  22 withered plants (Crypt:3)
130 creatures vanquished.

Grand Total: 2199 creatures vanquished

Notes
Turn   | Place    | Note
-------+----------+-------------------------------------------
     0 | D:1      | Kazon the Vampire Gladiator began the quest for the Orb.
     0 | D:1      | Reached XP level 1. HP: 16/16 MP: 1/1
    35 | D:1      | Identified a scroll of acquirement
    35 | D:1      | Acquired the +1 pair of gloves of the Vaults {rElec rC+
                  | rCorr MP-9}
   158 | D:1      | Reached XP level 2. HP: 18/22 MP: 0/2
   794 | D:2      | Gained mutation: You are afflicted with vampirism and can
                  | become a bat while bloodless. [Vampire growth]
   794 | D:2      | Reached XP level 3. HP: 27/27 MP: 0/3
  1142 | D:2      | Reached skill level 4 in Dodging
  1147 | D:2      | Reached XP level 4. HP: 5/33 MP: 0/4
  1294 | D:2      | Reached skill level 1 in Stealth
  1365 | D:3      | Found Umat's Antique Weapon Boutique.
  1403 | D:3      | Bought a crude falchion for 184 gold pieces
  1403 | D:3      | Identified the +3 falchion of Winter {venom, rCorr} (You
                  | bought it in a shop on level 3 of the Dungeon)
  1535 | D:3      | Noticed Robin
  1545 | D:3      | Killed Robin
  1637 | D:3      | Reached XP level 5. HP: 38/38 MP: 0/5
  1655 | D:3      | Reached skill level 1 in Armour
  1683 | D:3      | Reached skill level 1 in Short Blades
  1865 | D:3      | Reached skill level 6 in Dodging
  1865 | D:3      | Reached XP level 6. HP: 49/49 MP: 0/6
  2104 | D:4      | Reached skill level 5 in Short Blades
  2531 | D:4      | Found a hazy altar of Hepliaklqana.
  2606 | D:4      | Reached XP level 7. HP: 55/55 MP: 0/7
  2892 | D:5      | Entered Level 5 of the Dungeon
  2960 | D:5      | Reached skill level 7 in Dodging
  3031 | D:5      | Noticed Eustachio
  3042 | D:5      | Killed Eustachio
  3043 | D:5      | Reached XP level 8. HP: 27/61 MP: 0/8
  3232 | D:5      | Noticed Menkaure
  3243 | D:5      | Killed Menkaure
  3244 | D:5      | Reached skill level 5 in Fighting
  3821 | D:6      | Reached skill level 1 in Evocations
  4046 | D:6      | Noticed Maggie
  4064 | D:6      | Killed Maggie
  4065 | D:6      | Reached XP level 9. HP: 18/68 MP: 0/9
  4168 | D:7      | Found a staircase to the Ecumenical Temple.
  4178 | Temple   | Entered the Ecumenical Temple
  4186 | Temple   | Became a worshipper of Warmaster Okawaru
  4257 | D:7      | Found a hide-covered altar of Uskayaw.
  4427 | D:6      | Reached skill level 1 in Invocations
  4543 | D:6      | Reached * piety under Okawaru
  4604 | D:6      | Noticed Edmund
  4629 | D:6      | Killed Edmund
  4782 | D:6      | Reached skill level 1 in Shields
  5112 | D:6      | Reached ** piety under Okawaru
  5204 | D:7      | Reached XP level 10. HP: 76/76 MP: 2/11
  5227 | D:7      | Reached skill level 10 in Stealth
  5677 | D:8      | Found Quzidd's Magic Scroll Emporium.
  5682 | D:8      | Bought a scroll of teleportation for 42 gold pieces
  5948 | D:8      | Found Heidghoki's Jewellery Shop.
  6000 | D:8      | Found Zoxtaeshakh's Jewellery Boutique.
  6290 | D:8      | Reached *** piety under Okawaru
  6295 | D:8      | Found Esumer's Weapon Shop.
  6593 | D:9      | Reached skill level 8 in Dodging
  6814 | D:9      | Noticed a two-headed ogre
  6822 | D:9      | Killed a two-headed ogre
  6957 | D:9      | Noticed Prince Ribbit
  6965 | D:9      | Killed Prince Ribbit
  6965 | D:9      | Reached **** piety under Okawaru
  7150 | D:10     | Entered Level 10 of the Dungeon
  7320 | D:10     | Reached XP level 11. HP: 81/81 MP: 4/13
  7389 | D:10     | Reached ***** piety under Okawaru
  7418 | D:10     | Found Juagoaq's Book Shoppe.
  7708 | D:10     | Found a staircase to the Lair.
  7746 | D:10     | Noticed Erolcha
  7748 | D:10     | Killed Erolcha
  7767 | D:10     | Identified the +5 long sword of the Land of Plenty {drain,
                  | Dex+3}
  8451 | D:11     | Noticed a green ugly thing
  8461 | D:11     | Killed a green ugly thing
  8499 | D:11     | Reached skill level 5 in Evocations
  8681 | D:11     | Received a gift from Okawaru
  9167 | D:11     | Reached skill level 10 in Long Blades
  9382 | D:12     | Noticed Lodul
  9419 | D:12     | Killed Lodul
  9420 | D:12     | Reached XP level 12. HP: 77/89 MP: 4/15
  9510 | D:8      | Bought the amulet "Odemouw" {Contam rPois rF+++ Regen+
                  | Stlth+} for 734 gold pieces
  9633 | Lair:1   | Entered Level 1 of the Lair of Beasts
  9719 | Lair:1   | Reached skill level 5 in Invocations
  9948 | Lair:1   | Found the +2 Maxwell's thermic engine {flame, freeze}
 10500 | Lair:2   | Noticed a catoblepas
 10516 | Lair:2   | Received a gift from Okawaru
 10562 | Lair:2   | Killed a catoblepas
 10563 | Lair:2   | Reached skill level 9 in Dodging
 10564 | Lair:2   | Noticed Fannar
 10572 | Lair:2   | Killed Fannar
 10653 | Lair:2   | Reached ****** piety under Okawaru
 11000 | Lair:2   | Received a gift from Okawaru
 11372 | Lair:3   | Found a hole to the Spider Nest.
 11551 | Lair:3   | Found an ancient bone altar of Kikubaaqudgha.
 11645 | Lair:3   | Noticed a death yak
 11648 | Lair:3   | Noticed a death yak
 11650 | Lair:3   | Noticed a death yak
 11651 | Lair:3   | Noticed a death yak
 11653 | Lair:3   | Identified the +2 cloak "Affoeplesh" {rC+ Stlth+} (Okawaru
                  | gifted it to you on level 3 of the Lair of Beasts)
 11653 | Lair:3   | Received a gift from Okawaru
 11666 | Lair:3   | Killed a death yak
 11667 | Lair:3   | Reached XP level 13. HP: 81/97 MP: 8/17
 11670 | Lair:3   | Reached skill level 5 in Throwing
 11738 | Lair:3   | Found a staircase to the Shoals.
 12051 | Lair:4   | Found a viscous altar of Jiyva.
 12051 | Lair:4   | Found a staircase to the Slime Pits.
 12349 | Lair:4   | Identified the +3 battleaxe "Adididghufym" {antimagic, rF+
                  | Will+}
 12666 | Lair:5   | Entered Level 5 of the Lair of Beasts
 13311 | Lair:5   | Received a gift from Okawaru
 13762 | Lair:5   | Reached skill level 10 in Dodging
 13793 | Lair:5   | Reached XP level 14. HP: 102/105 MP: 10/19
 13848 | Lair:5   | Identified the +1 pair of boots of the Pit {+Blink rElec
                  | rF- Str+5} (Okawaru gifted it to you on level 5 of the Lair
                  | of Beasts)
 13848 | Lair:5   | Received a gift from Okawaru
 14197 | D:12     | Noticed Nessos
 14200 | D:12     | Killed Nessos
 14254 | D:12     | Found a staircase to the Orcish Mines.
 14447 | D:12     | Noticed Rupert
 14449 | D:12     | Killed Rupert
 14904 | D:13     | Found Ituota Roil's Distillery.
 14907 | D:13     | Bought a potion of curing for 57 gold pieces
 14972 | D:13     | Noticed Azrael
 14986 | D:13     | Killed Azrael
 15152 | Spider:1 | Entered Level 1 of the Spider Nest
 15437 | Spider:1 | Reached skill level 5 in Armour
 15614 | Spider:1 | Acquired a manual of Evocations
 15694 | Spider:1 | Received a gift from Okawaru
 15707 | Spider:1 | Noticed a ghost moth
 15739 | Spider:1 | Killed a ghost moth
 16379 | D:13     | Reached XP level 15. HP: 93/113 MP: 12/21
 16395 | D:13     | Found a gate to the Vaults.
 16631 | D:14     | Found a runed translucent gate.
 16694 | D:14     | Received a gift from Okawaru
 16704 | D:14     | Found a frozen archway.
 16791 | D:14     | Identified the +6 scale mail "Voetobuo" {Int-3 Dex+8}
 16808 | D:14     | Noticed Snorg
 16817 | D:14     | Killed Snorg
 16817 | D:14     | Received a gift from Okawaru
 16825 | D:14     | Reached skill level 5 in Shields
 17091 | D:14     | Noticed Afruuf's ghost (journeyman PaFi)
 17154 | D:14     | Found a runed translucent gate.
 17154 | D:14     | Found a runed translucent gate.
 17179 | D:14     | Reached skill level 10 in Evocations
 17362 | D:14     | Killed Afruuf's ghost
 17379 | D:14     | Identified the +1 hat of Untruth {rC++ rCorr Str-2 Stlth+}
 17716 | Spider:1 | Noticed an emperor scorpion
 17728 | Spider:1 | Killed an emperor scorpion
 17888 | Spider:1 | Received a gift from Okawaru
 18504 | Spider:2 | Reached skill level 11 in Dodging
 18771 | Spider:2 | Received a gift from Okawaru
 18871 | Spider:2 | Noticed an emperor scorpion
 18882 | Spider:2 | Killed an emperor scorpion
 18953 | Spider:2 | Received a gift from Okawaru
 19447 | Spider:3 | Reached XP level 16. HP: 89/96 MP: 12/23
 19765 | Arena    | Entered the Arena
 19983 | Spider:3 | Received a gift from Okawaru
 20032 | Spider:3 | Reached skill level 15 in Long Blades
 20251 | Spider:3 | Reached skill level 10 in Invocations
 20567 | Spider:4 | Entered Level 4 of the Spider Nest
 20567 | Spider:4 | Noticed Mara
 20589 | Spider:3 | Noticed Kazon's illusion
 20678 | Spider:3 | Noticed Kazon's illusion
 20682 | Spider:3 | Killed Mara
 20682 | Spider:3 | Received a gift from Okawaru
 20806 | Spider:4 | Reached skill level 10 in Fighting
 20810 | Spider:4 | Received a gift from Okawaru
 21390 | Spider:4 | Identified the +2 helmet of Going Fast {-Cast +Blink rC+
                  | rCorr} (Okawaru gifted it to you on level 4 of the Spider
                  | Nest)
 21390 | Spider:4 | Received a gift from Okawaru
 22009 | Spider:4 | Reached XP level 17. HP: 84/129 MP: 13/25
 22383 | Spider:4 | Received a gift from Okawaru
 22393 | Spider:4 | Reached skill level 15 in Stealth
 22428 | Spider:4 | Got a gossamer rune of Zot
 22751 | D:8      | Bought the ring of Xadwoak {rF+ rN+ MP+9 Int-2} for 340
                  | gold pieces
 22985 | D:15     | Entered Level 15 of the Dungeon
 23534 | D:15     | Identified Roxanne's Parchment of Spelunking
 23534 | D:15     | Noticed Roxanne
 23759 | D:15     | Killed Roxanne
 23759 | D:15     | Received a gift from Okawaru
 23891 | D:15     | Found a staircase to the Depths.
 23992 | Orc:1    | Entered Level 1 of the Orcish Mines
 24005 | Orc:1    | Noticed Urug
 24017 | Orc:1    | Killed Urug
 24417 | Orc:1    | Paralysed by an orc sorcerer for 4 turns
 24558 | Orc:2    | Entered Level 2 of the Orcish Mines
 24591 | Orc:2    | Found a staircase to the Elven Halls.
 24792 | Orc:2    | Noticed Donald
 24818 | Orc:2    | Killed Donald
 24882 | Orc:2    | Received a gift from Okawaru
 25001 | Orc:2    | Identified the +2 animal skin "Lauvuuva" {Contam rF+ rCorr}
                  | (Okawaru gifted it to you on level 2 of the Orcish Mines)
 25001 | Orc:2    | Received a gift from Okawaru
 25038 | Orc:2    | Found a gate leading to a gauntlet.
 25046 | Gauntlet | Entered a Gauntlet
 25046 | Gauntlet | Found a transporter.
 25049 | Gauntlet | Found a runed translucent door.
 25049 | Gauntlet | Found a transporter.
 25052 | Gauntlet | Found a transporter.
 25054 | Gauntlet | Found a transporter.
 25059 | Gauntlet | Found a runed translucent door.
 25065 | Gauntlet | Found a transporter.
 25065 | Gauntlet | Found a transporter.
 25066 | Gauntlet | Found a transporter.
 25066 | Gauntlet | Found the +12 glaive of Prune {vorpal}
 25067 | Gauntlet | Found a transporter.
 25087 | Gauntlet | Found a runed translucent door.
 25098 | Gauntlet | Found a transporter.
 25131 | Gauntlet | Found a transporter.
 25131 | Gauntlet | Found a transporter.
 25152 | Gauntlet | Found a transporter.
 25189 | Gauntlet | Identified the ring "Azxilac" {+Blink rPois rC+ Int-3
                  | Dex+6}
 25217 | Gauntlet | Gained mutation: Your magical capacity is low. (-10% MP) [a
                  | neqoxec]
 25226 | Gauntlet | Identified the ring "Mishoal" {*Corrode rElec rPois AC+4
                  | Str+2}
 25498 | Orc:2    | Found a runed translucent door.
 25501 | Orc:2    | Noticed BiteMe's ghost (journeyman DgFE)
 25790 | Orc:2    | Found Leshref's General Store.
 25823 | Orc:2    | Found Geemeife's Jewellery Shoppe.
 25829 | Orc:2    | Found Pisuawn's Antique Armour Emporium.
 25829 | Orc:2    | Found Luduu's Antique Weapon Emporium.
 25834 | Orc:2    | Bought a pair of glowing boots for 172 gold pieces
 25844 | Orc:2    | Bought a potion of heal wounds for 60 gold pieces
 25844 | Orc:2    | Bought a potion of curing for 36 gold pieces
 26056 | Orc:2    | Killed BiteMe's ghost
 26093 | Elf:1    | Entered Level 1 of the Elven Halls
 26314 | Elf:1    | Noticed Agnes
 26323 | Elf:1    | Killed Agnes
 26354 | Elf:1    | Noticed a Hell Sentinel
 26356 | Arena    | Entered the Arena
 26359 | Arena    | Noticed a Brimstone Fiend
 26396 | Elf:1    | Reached XP level 18. HP: 138/138 MP: 21/24
 26453 | Elf:1    | You fall into a shaft and drop 1 floor!
 26459 | Elf:2    | Found a huge runed translucent gate.
 26461 | Elf:2    | Found a huge runed translucent gate.
 26462 | Elf:2    | Found a huge runed translucent gate.
 26471 | Elf:2    | Found a huge runed translucent gate.
 26608 | Elf:2    | HP: 4/138 [+1 glaive of freezing (10)]
 26611 | Arena    | Entered the Arena
 26831 | Elf:2    | Found a huge runed translucent gate.
 26891 | Elf:2    | Noticed Nikola
 26980 | Elf:2    | Killed Nikola
 27040 | Elf:2    | Identified the +2 chain mail of Least Resistance {+Blink}
                  | (Okawaru gifted it to you on level 2 of the Elven Halls)
 27040 | Elf:2    | Received a gift from Okawaru
 27122 | Elf:2    | Found a transporter.
 27123 | Elf:2    | Found a transporter.
 27123 | Elf:2    | Noticed fantasyman's ghost (adept FoFi)
 27185 | Elf:1    | Found an ancient bone altar of Kikubaaqudgha.
 27299 | Elf:2    | Found Wuev's Magic Scroll Emporium.
 27299 | Elf:2    | Found Uddis's Antique Armour Shoppe.
 27300 | Elf:2    | Found Zoshugie's Magic Scroll Shoppe.
 27302 | Elf:2    | Found Hiosedoa's Distillery.
 27588 | Elf:1    | Reached skill level 12 in Dodging
 28004 | Elf:2    | Reached skill level 15 in Evocations
 28311 | Elf:3    | Entered Level 3 of the Elven Halls
 28335 | Elf:3    | Found Ecsiwk's Weapon Shop.
 28449 | Elf:3    | Found Cel Ymun's Antique Armour Boutique.
 28455 | Elf:3    | Bought the +0 mask of the Dragon {Will+ Slay+3 SInv} for
                  | 1235 gold pieces
 28455 | Elf:3    | Found the +0 mask of the Dragon {Will+ Slay+3 SInv}
 28724 | Elf:3    | Paralysed by an air elemental for 1 turns
 28755 | Elf:3    | Noticed Asterion
 28759 | Elf:3    | Killed Asterion
 28865 | Elf:3    | Noticed Louise
 28888 | Elf:3    | Killed Louise
 29406 | Elf:3    | Received a gift from Okawaru
 29498 | Elf:3    | Identified the +1 helmet of Qimaq {Contam +Inv Regen+
                  | Int+8} (Okawaru gifted it to you on level 3 of the Elven
                  | Halls)
 29498 | Elf:3    | Received a gift from Okawaru
 29718 | Elf:3    | Reached XP level 19. HP: 147/147 MP: 25/25
 29741 | Elf:3    | Identified the +8 flail of Qocw {holy, *Slow rElec Str+6
                  | Int+2}
 29762 | Elf:3    | Identified the +3 quarterstaff of the Vase {venom, rC+}
 29846 | Elf:3    | Identified the +0 pair of gloves of Distant Shores {Harm
                  | rN++}
 29853 | Elf:3    | Identified the +3 robe of the Original Sin {Will+}
 30261 | Shoals:1 | Entered Level 1 of the Shoals
 30554 | Shoals:1 | Reached skill level 13 in Dodging
 31257 | Shoals:2 | Identified the +4 chain mail of the Enchanted Forest
                  | {*Corrode Dex+6}
 32408 | Shoals:3 | Received a gift from Okawaru
 32507 | Shoals:4 | Entered Level 4 of the Shoals
 32599 | Shoals:4 | Found a runed translucent door.
 32600 | Shoals:4 | Found a shimmering altar of Xom.
 32600 | Shoals:4 | Noticed BillyBaka's ghost (adept MiFi)
 32723 | Shoals:4 | Reached skill level 14 in Dodging
 32734 | Shoals:4 | Received a gift from Okawaru
 32919 | Shoals:4 | Got Gogief's Precepts of Coordinates
 33080 | Shoals:4 | Got a barnacled rune of Zot
 33350 | Shoals:4 | Identified the ring of Zuegae {rPois rF+ rC- MP+9}
 34009 | Vaults:1 | Entered Level 1 of the Vaults
 34508 | Arena    | Entered the Arena
 34509 | Arena    | HP: 4/149 [vault warden/+1 long sword of freezing (24)]
 34520 | Arena    | Reached XP level 20. HP: 38/156 MP: 19/26
 34558 | Vaults:1 | Received a gift from Okawaru
 34583 | Vaults:1 | Reached skill level 15 in Dodging
 34980 | Vaults:1 | Received a gift from Okawaru
 35264 | Vaults:1 | Found Quvviufo's Distillery.
 35291 | Vaults:1 | Bought a potion of heal wounds for 60 gold pieces
 35291 | Vaults:1 | Bought a potion of heal wounds for 60 gold pieces
 35291 | Vaults:1 | Bought a potion of mutation for 96 gold pieces
 35291 | Vaults:1 | Lost mutation: Your magical capacity is low. (-10% MP)
                  | [potion of mutation]
 35291 | Vaults:1 | Gained mutation: You are clumsy. (Dex -2) [potion of
                  | mutation]
 35291 | Vaults:1 | Gained mutation: Your spells are a little harder to cast,
                  | but a little more powerful. [potion of mutation]
 35292 | Vaults:1 | Lost mutation: Your spells are a little harder to cast, but
                  | a little more powerful. [potion of mutation]
 35292 | Vaults:1 | Lost mutation: You are clumsy. (Dex -2) [potion of
                  | mutation]
 35292 | Vaults:1 | Gained mutation: Your mind is acute. (Int +4, Str/Dex -1)
                  | [potion of mutation]
 35292 | Vaults:1 | Gained mutation: You are partially covered in iridescent
                  | scales. (AC +2) [potion of mutation]
 35363 | Vaults:1 | Got Qickeq's Spellbook of Rank Transformation
 35744 | Vaults:2 | Identified the +6 battleaxe of the Neverending Dances
                  | {vorpal, rN++ Str-4}
 35871 | Vaults:2 | Identified the +1 ring mail "Hemea" {rElec Str+3} (Okawaru
                  | gifted it to you on level 2 of the Vaults)
 35871 | Vaults:2 | Received a gift from Okawaru
 36008 | Vaults:2 | Found a large runed translucent door.
 36008 | Vaults:2 | Found a large runed translucent door.
 36008 | Vaults:2 | Noticed Forgeling's ghost (adept FeEn)
 36233 | Vaults:2 | Reached skill level 16 in Dodging
 36527 | Vaults:2 | Found Afiul's Antique Armour Boutique.
 36536 | Vaults:2 | Bought ichor-stained fire dragon scales for 1885 gold
                  | pieces
 36536 | Vaults:2 | Identified the +7 fire dragon scales "Gysobbeu" {-Tele rF++
                  | rC- rN+++ rCorr Dex-3} (You bought it in a shop on level 2
                  | of the Vaults)
 36779 | Vaults:2 | Found a transporter.
 36779 | Vaults:2 | Found the +3 pair of seven-league boots {Rampage+∞}
 36789 | Vaults:2 | Found a transporter.
 37212 | Vaults:3 | Found a crumbling gateway.
 37275 | Desolati | Entered the Desolation of Salt
 37501 | Desolati | Found the +7 captain's cutlass {speed, disarm}
 37518 | Desolati | Received a gift from Okawaru
 37542 | Desolati | Got the Teachings on Unified Reformation
 37553 | Desolati | Identified the +8 shadow dragon scales of the Dungeon {Harm
                  | +Inv rElec Will- Stlth++++}
 37555 | Desolati | Got the Textbook on Lethal Black Secrets
 37558 | Desolati | Got the Guidebook on Bewitching Conflict
 37608 | Desolati | Reached XP level 21. HP: 166/166 MP: 22/31
 37623 | Desolati | Identified the +8 arbalest "Luefib" {freeze, Will+ Stlth+}
 37645 | Desolati | Got the Papyrus of the Nine Artisans
 37646 | Desolati | Identified the +3 leather armour of Hionoo {Int+3}
 37729 | Desolati | Received a gift from Okawaru
 37755 | Desolati | Identified the ring "Xacius" {rPois rC+ Will+ Stlth-}
 37759 | Desolati | Identified the +2 leather armour of Vlad {Contam rElec
                  | Int+2 Slay+5}
 38450 | Depths:1 | Entered Level 1 of the Depths
 38652 | Depths:1 | Found a flickering gateway to a bazaar.
 38658 | Bazaar   | Entered a bazaar
 38682 | Bazaar   | Found Reheffocs's Weapon Shop.
 38682 | Bazaar   | Found Daotseq's Book Boutique.
 38712 | Bazaar   | Found Fesotas's Book Boutique.
 38712 | Bazaar   | Found Totziet's Assorted Antiques.
 38719 | Bazaar   | Bought a short gold wand for 80 gold pieces
 38778 | Depths:1 | Found an iron altar of Okawaru.
 38836 | Depths:1 | Reached skill level 10 in Shields
 38939 | Depths:1 | Found a gateway to Hell.
 38950 | Depths:1 | Received a gift from Okawaru
 38961 | Depths:1 | Reached skill level 17 in Dodging
 39015 | Depths:1 | Found a one-way gateway to a ziggurat.
 39428 | Depths:2 | Found Xywunomm's Antique Weapon Emporium.
 39690 | Depths:2 | You fall into a shaft and drop 2 floors!
 39690 | Depths:4 | Entered Level 4 of the Depths
 39693 | Depths:4 | Found a gate to the Realm of Zot.
 39817 | Depths:4 | Noticed a golden dragon
 39823 | Depths:4 | Received a gift from Okawaru
 39984 | Depths:4 | Paralysed by a floating eye for 2 turns
 39991 | Depths:4 | Paralysed by a floating eye for 3 turns
 39997 | Depths:4 | Paralysed by a floating eye for 2 turns
 40005 | Depths:4 | Paralysed by a floating eye for 3 turns
 40120 | Depths:2 | Received a gift from Okawaru
 40136 | Depths:2 | Reached skill level 15 in Fighting
 40178 | Depths:2 | Found a one-way gate leading to the halls of Pandemonium.
 40246 | Depths:2 | Received a gift from Okawaru
 40578 | Depths:2 | Found an ancient bone altar of Kikubaaqudgha.
 40828 | Vaults:3 | Found a staircase to the Crypt.
 40940 | Vaults:3 | Reached XP level 22. HP: 175/175 MP: 23/32
 40994 | Vaults:3 | Received a gift from Okawaru
 41086 | Vaults:3 | Reached skill level 18 in Dodging
 41309 | Vaults:3 | You fall into a shaft and drop 1 floor!
 41509 | Vaults:3 | Found Fuedgh's Weapon Shop.
 41509 | Vaults:3 | Found Miyguykosh's Book Boutique.
 41733 | Vaults:3 | Found Ithruantu's Weapon Emporium.
 41799 | Vaults:3 | Identified the +0 helmet of Saadutol {Will+}
 42060 | Vaults:3 | Found Feafaf's Weapon Emporium.
 42334 | Vaults:4 | Noticed Saint Roka
 42368 | Vaults:4 | Killed Saint Roka
 42389 | Vaults:4 | Identified the +7 rapier of Dipterij {vorpal, Int+2}
 42547 | Vaults:4 | Found Arahod's General Store.
 42555 | Vaults:4 | Bought 4 datura-tipped darts for 25 gold pieces
 42558 | Vaults:4 | Noticed Frederick
 42565 | Vaults:4 | Killed Frederick
 42565 | Vaults:4 | Received a gift from Okawaru
 42566 | Vaults:4 | Reached skill level 10 in Short Blades
 42821 | Vaults:4 | Noticed Xtahua
 42824 | Vaults:4 | Killed Xtahua
 42927 | Vaults:4 | Received a gift from Okawaru
 42957 | Vaults:4 | Reached skill level 15 in Invocations
 43222 | Crypt:1  | Entered Level 1 of the Crypt
 43310 | Crypt:1  | Paralysed by a vampire knight for 2 turns
 43660 | Orc:2    | Bought the amulet of Haunaz {Spirit Will+ Str+4} for 612
                  | gold pieces
 43667 | Orc:2    | Gained mutation: You are weak. (Str -2) [mutagenic glow]
 43926 | Crypt:1  | Found a transporter.
 43967 | Crypt:1  | Noticed Nyubb's ghost (veteran MiGl)
 43970 | Crypt:1  | Noticed Nyubb's ghost (veteran MiGl)
 43990 | Crypt:1  | Found a transporter.
 44133 | Crypt:1  | Received a gift from Okawaru
 45205 | Crypt:2  | Reached XP level 23. HP: 164/184 MP: 21/34
 45500 | Crypt:2  | Received a gift from Okawaru
 45759 | Crypt:2  | Identified the +1 scale mail "Pineqyng" {Contam Str+4}
                  | (Okawaru gifted it to you on level 2 of the Crypt)
 45759 | Crypt:2  | Received a gift from Okawaru
 45760 | Crypt:2  | Noticed Bai Suzhen
 45783 | Crypt:2  | Killed Bai Suzhen
 46132 | Crypt:3  | Entered Level 3 of the Crypt
 46588 | Crypt:3  | Reached skill level 10 in Throwing
 47388 | Crypt:3  | Found a staircase to the Tomb.
 47460 | Crypt:3  | Found an ancient bone altar of Kikubaaqudgha.
 47623 | Crypt:3  | Reached skill level 19 in Dodging
 47674 | Crypt:3  | Noticed a dread lich
 47726 | Crypt:3  | Killed a dread lich
 47751 | Crypt:3  | Identified the +0 chain mail "Liuxtoacim" {*Slow +Inv Int-4
                  | Stlth+}
 48103 | Crypt:3  | Identified the ring of Charity {rN+ rCorr Str+4}
 48103 | Crypt:3  | Identified the ring "Paebalurch" {Fly rN+ rCorr MP-9 Int+8}
 48573 | Vaults:5 | Entered Level 5 of the Vaults
 48626 | Vaults:5 | Noticed a dread lich
 48659 | Vaults:4 | Identified the +1 robe "Uforin" {rPois rF+ Will+} (Okawaru
                  | gifted it to you on level 4 of the Vaults)
 48659 | Vaults:4 | Received a gift from Okawaru
 48827 | Vaults:5 | Noticed a dread lich
 48835 | Vaults:4 | Paralysed by a dread lich for 2 turns
 48847 | Vaults:4 | Killed a dread lich
 48871 | Vaults:5 | Noticed Mennas
 48875 | Vaults:5 | Noticed a dread lich
 48887 | Vaults:5 | HP: 13/279 [orc knight/+0 bardiche (14)]
 48887 | Vaults:5 | HP: 6/279 [Tzitzimitl[a dread lich] (2)]
 48889 | Vaults:4 | Slain by a sphinx

Illustrated notes

Levels and vault maps discovered:
D:1:      dpeg_arrival_three_smaller_balls, layout_basic
D:2:      layout_loops_ring
D:3:      layout_basic, serial_shops, nicolae_shop_stone, st_stairs_9,
          minmay_misc_feat_doors, eino_curves_03, uniq_robin
D:4:      minmay_wonky_spiral, layout_basic,
          mainiacjoe_overflow_surrounded_room, minivault_5
D:5:      layout_cave_pods, uniq_menkaure, uniq_eustachio
D:6:      cheibrodos_barr_body, layout_basic, minmay_crystal_room,
          minmay_pentangle, uniq_maggie, uniq_edmund
D:7:      layout_cave_pools, nicolae_uskayaw_murder_on_the_dancefloor,
          elyvilon_altar_4, minmay_temple_entry_purple_smoke
D:8:      layout_basic, serial_shops, shop_statue, kennysheep_little_box, shop,
          nicolae_shop_window_shopping
D:9:      layout_cave_pools, uniq_prince_ribbit1
D:10:     layout_stronghold, erik_lair_island, serial_shops,
          nicolae_shop_statue_plus, uniq_erolcha
D:11:     layout_roguey
D:12:     layout_loops_ring, orc_0_dummy, chequers_serial_rivers_marsh,
          uniq_lodul, uniq_nessos, uniq_rupert
D:13:     layout_gridville, david_vaults_5, serial_shops,
          nicolae_shop_behind_doors, minmay_fractal_squares_gapless_5,
          uniq_azrael
D:14:     layout_roguey, minmay_misc_feat_secret_circle, gammafunk_ghost_split,
          portal_ice_cave_entry_ice_simulacra, uniq_snorg
D:15:     hangedman_depths_entry_try_elsewhere_first, layout_loops_corners,
          uniq_roxanne
Temple:   nicolae_temple_bog_church
Lair:1:   layout_long_grid, fungi_pond_lemuel, cheibrodos_lair_reptile_den
Lair:2:   layout_gridlike, uniq_fannar
Lair:3:   layout_roguey, minmay_shoals_entry_hut,
          nicolae_spider_entry_non_spiders, basic_altar, serial_bayou_crossing
Lair:4:   layout_gridlike, slime_entry_1, serial_rivers,
          chequers_serial_rivers_room_a, chequers_serial_rivers_micro_c,
          chequers_serial_rivers_room_a, chequers_serial_rivers_micro_e,
          minivault_27, grunt_megastairs_3, infiniplex_staircase_pool_2
Lair:5:   evilmike_catoblepas_cave, layout_long_grid
Shoals:1: layout_shoals, nicolae_shoals_lost_giant_pillars
Shoals:2: layout_shoals
Shoals:3: layout_shoals
Shoals:4: shoals_end_simple, layout_shoals, ebering_ghost_xom
Spider:1: layout_chambers, nicolae_spider_undead_wolf_pack
Spider:2: layout_cave_pods
Spider:3: layout_spider_delve
Spider:4: floodkiller_spider_rune_tomb, special_room [special_room_bee],
          uniq_mara
Orc:1:    layout_caves, basic_altar, uniq_urug
Orc:2:    st_orc_congregation, layout_caves, gauntlet_entry_generic,
          hellmonk_ghost_happy_afterlife, uniq_donald
Elf:1:    layout_gridlike, minmay_elf_demonology, lemuel_upstairs_altar,
          uniq_agnes
Elf:2:    elven_hall_of_blades_hangedman_alternative
          [nicolae_blade_entry_diamond_columns], layout_geoelf_diagonals,
          gammafunk_ghost_arena, minmay_shoptagon, uniq_nikola
Elf:3:    elf_hall_gauntlet_narrow, layout_gridlike, serial_shops,
          nicolae_shop_overgrown_old_shop, nicolae_shop_advertising_works
          [nicolae_subvault_shop_adworks], uniq_louise, uniq_asterion
Vaults:1: nicolae_vaults_little_squares_1, v_misc_5, hangedman_vaults_stitches,
          hangedman_vaults_cutoff, grunt_vaults_trifunnel, v_misc_19,
          nicolae_vaults_three_branches, vaults_room_pool,
          vaults_room_door_hall, nicolae_vaults_little_ls,
          nicolae_vaults_rhombus_7, layout_vaults_omnicross, serial_shops, shop
Vaults:2: advil_vaults_ghost_guards, gammafunk_sealed_arena,
          hangedman_vaults_snaps, vaults_room_semicircle,
          hangedman_vaults_slither, v_alt_pattern_4, v_alt_pattern_3,
          hangedman_vaults_cutoff, vaults_mumra_lcd, nicolae_vaults_rhombus_6,
          ontoclasm_vaults_spin, grunt_vaults_focal, layout_vaults_ring,
          serial_shops, shop_statue
Vaults:3: portal_desolation_entry_holy_temple, vaults_room_grunt_arrival_ludios,
          minmay_crypt_entry_simple_walls, nicolae_vaults_little_squares_2,
          vaults_room_ringed_pool, hangedman_vaults_pinch, vaults_dpeg_ring,
          nicolae_vaults_circle_grid_b, nicolae_vaults_sealed_display,
          v_pattern_5, layout_vaults_big_room, serial_shops,
          nicolae_square_shop, nicolae_shop_statue_plus, shop, shop_coins
Vaults:4: nicolae_vaults_disjoint_gnomons, kb_rosetta,
          hangedman_vaults_capsules, nicolae_vaults_ring_of_whatevers,
          serial_ice_b, hangedman_vaults_trim, nicolae_vaults_alarming,
          layout_vaults_omnigrid, serial_shops, shop, uniq_frederick,
          uniq_margery, uniq_saint_roka, uniq_xtahua
Vaults:5: uniq_mennas
Crypt:1:  layout_regular_city, nzn_ghost_randoct, minmay_misc_feat_five,
          grunt_crypt_arrival_split, grunt_megastairs_2
Crypt:2:  layout_gridlike, uniq_bai_suzhen
Crypt:3:  evilmike_haunted_forest
Depths:1: layout_basic, enter_ziggurat_b, corexii_leaking_fountain,
          serial_shops, freezing_bzr, pf_coc_iceberg,
          serial_sigils_hangedman_etch, grunt_ministairs_7,
          okawaru_altar_gauntlet_db
Depths:2: evilmike_negative_zone, layout_cave_pools, hell_entry, pan_entry,
          serial_shops, shop_fountains, lightli_minifort
Depths:3: lemuel_river_lethe, abyss_entry, hell_entry, pan_entry
Depths:4: evilmike_zot_entry_argh, layout_honeycomb, rand_demon_pan_entry_9,
          serial_shops, nicolae_shop_stone, tso_metal_star,
          pf_dread_powers_of_hell, hangedman_decor_peaks_small

Skill      XL: |  1  2  3  4  5  6  7  8  9 10 11 12 13 14 15 16 17 18 19 20 21 22 23 |
---------------+----------------------------------------------------------------------+-----
Fighting       | 2 4 5 6 7 8 9 10 11 12 13 14 15 16 | 16.7
Dodging        | 4 6 7 8 9 10 11 12 14 16 17 18 19 | 19.1
Long Blades    | 4 6 7 8 10 11 13 14 15 16 17 18 | 18.1
Stealth        | 1 7 8 9 10 11 12 13 14 15 16 17 18 | 18.9
Armour         | 3 4 5 6 7 8 9 |  9.3
Short Blades   | 4 5 6 7 8 9 10 | 10.3
Throwing       | 4 5 6 8 9 10 | 10.5
Evocations     | 1 2 4 5 6 7 9 11 12 14 15 16 17 18 | 18.6
Invocations    | 1 3 4 6 7 8 9 10 11 12 13 14 15 | 15.9
Shields        | 1 3 4 5 6 7 8 9 10 11 12 | 12.1

Action                   |  1- 3 |  4- 6 |  7- 9 | 10-12 | 13-15 | 16-18 | 19-21 | 22-24 || total
-------------------------+-------+-------+-------+-------+-------+-------+-------+-------++-------
Melee: Long sword        |    80 |       |       |    82 |       |       |       |       ||   162
       Bite              |     6 |     7 |    40 |   139 |   156 |   218 |   354 |   344 ||  1264
       Dagger            |    12 |   117 |   121 |    90 |    43 |       |       |       ||   383
       Falchion          |       |    12 |   255 |   663 |   142 |    35 |     5 |    84 ||  1196
       Punch             |       |     1 |       |       |       |       |       |       ||     1
       Double sword      |       |       |       |    84 |   595 |  1178 |  1295 |  1303 ||  4455
       Rapier            |       |       |       |       |   141 |   294 |   507 |       ||   942
       Quick blade       |       |       |       |       |       |       |    35 |       ||    35
       Cutlass           |       |       |       |       |       |       |   145 |   213 ||   358
       Demon blade       |       |       |       |       |       |       |    10 |       ||    10
Throw: Stone             |     7 |    12 |    23 |    88 |    26 |       |       |       ||   156
       Dart              |       |       |       |     1 |    53 |   290 |    26 |     8 ||   378
       Boomerang         |       |       |       |     4 |    62 |    83 |   156 |   314 ||   619
       Javelin           |       |       |       |     1 |     3 |    41 |    15 |    59 ||   119
Invok: Heroism           |       |       |       |     8 |    11 |    13 |    16 |     8 ||    56
       Finesse           |       |       |       |       |     2 |     3 |     3 |     3 ||    11
       Duel              |       |       |       |       |       |     3 |     1 |       ||     4
 Abil: Exsanguinate      |       |       |       |       |     2 |       |       |       ||     2
       Revivify          |       |       |       |       |     1 |     1 |       |       ||     2
       Bat Form          |       |       |       |       |       |     1 |       |       ||     1
Evoke: Wand              |       |       |       |     7 |    20 |    49 |    45 |    15 ||   136
       Condenser vane    |       |       |       |     1 |     1 |     1 |       |       ||     3
       Lightning rod     |       |       |       |       |    11 |    11 |       |       ||    22
       Phial of floods   |       |       |       |       |     1 |     1 |       |       ||     2
       Tin of tremorston |       |       |       |       |       |       |     2 |       ||     2
  Use: Scroll            |     1 |       |     6 |    11 |     8 |     9 |     9 |     3 ||    47
       Potion            |       |     1 |     3 |       |     1 |     4 |     7 |     3 ||    19
 Stab: Sleeping          |     1 |     7 |    13 |    23 |    47 |    51 |   102 |    19 ||   263
       Distracted        |       |     1 |       |     2 |     1 |     8 |     4 |     1 ||    17
       Paralysed         |       |       |       |     3 |       |    15 |     5 |     3 ||    26
       Held in net/web   |       |       |       |       |     2 |     1 |     1 |       ||     4
       Invisible         |       |       |       |       |       |     1 |     2 |     3 ||     6
Armor: Leather armour    |    35 |    23 |   126 |   124 |       |       |       |       ||   308
       Troll leather arm |       |       |       |    46 |   126 |   232 |   243 |       ||   647
       Scale mail        |       |       |       |       |    52 |   146 |       |       ||   198
       Fire dragon scale |       |       |       |       |       |       |   291 |   499 ||   790
Dodge: Dodged            |    63 |    83 |   234 |   479 |   521 |   747 |  1492 |   827 ||  4446
Block: Buckler           |       |       |    56 |   189 |   299 |   306 |       |       ||   850
       Kite shield       |       |       |       |       |       |   249 |  1309 |   991 ||  2549
       Reflection        |       |       |       |       |       |    14 |    38 |    19 ||    71
